| TOP OF THE 1ST |
|
Detroit Red Wings batting - Pitching for Windy City ThunderBolts : RHP Dusty Haberstroh
|
|
Pitching: RHP Dusty Haberstroh
|
|
|
Batting: RHB António Scarlett
|
0-0: Ball 1-0: Fly out, F4 (Line Drive, 34, EV 99.4 MPH)
|
|
Batting: LHB Duda Pinho
|
0-0: Called Strike 0-1: Ball 1-1: Ball 2-1: Ball 3-1: Ground out 4-3 (Groundball, 4, EV 85.6 MPH)
|
|
Batting: RHB Jorge Lebron
|
0-0: Ball 1-0: Ball 2-0: Fly out, F8 (Flyball, 78D, EV 105.6 MPH)
|
| Top of the 1st over - 0 runs, 0 hits, 0 errors, 0 left on base; Detroit 0 - Windy City 0 |
| BOTTOM OF THE 1ST |
|
Windy City ThunderBolts batting - Pitching for Detroit Red Wings : RHP Adan Van Slyke
|
|
Pitching: RHP Adan Van Slyke
|
|
|
Batting: RHB Joe Thomas
|
0-0: Ball 1-0: Foul Ball, location: 2F 1-1: Ball 2-1: DOUBLE (Line Drive, 7LD, EV 101.9 MPH)
|
|
Batting: RHB Kaoru Hamada
|
0-0: Swinging Strike 0-1: SINGLE (Flyball, 4MD, EV 85.0 MPH) Joe Thomas to third
|
|
Batting: SHB Danny Gallegos
|
0-0: Called Strike 0-1: Ball 1-1: Called Strike 1-2: Ball 2-2: SINGLE (Line Drive, 78S, EV 101.2 MPH) Joe Thomas scores Kaoru Hamada to second
|
|
Batting: RHB Paul Holland
|
0-0: Called Strike 0-1: Ball 1-1: Ball 2-1: Foul Ball, location: 2F 2-2: Ball 3-2: SINGLE (Groundball, 56D, EV 99.4 MPH) Kaoru Hamada to third Danny Gallegos to second Runner from 3rd tries for Home, SAFE, throw by LF to home
|
|
Batting: RHB Nhat Phong
|
0-0: Called Strike 0-1: Ball 1-1: Ball 2-1: Grounds into double play, 6-4-3 (Groundball, 6, EV 106.9 MPH) Danny Gallegos to third
|
|
Batting: RHB Miguel Pacheco
|
0-0: Swinging Strike 0-1: Ball 1-1: Swinging Strike 1-2: Ball 2-2: Ball 3-2: 2-RUN HOME RUN (Flyball, 8LXD, EV 117.5 MPH), Distance : 452 ft
|
|
Batting: RHB Dave Dominguez
|
0-0: Swinging Strike 0-1: Foul Ball, location: 2F 0-2: Strikes out swinging
|
| Bottom of the 1st over - 4 runs, 5 hits, 0 errors, 0 left on base; Detroit 0 - Windy City 4 |
| TOP OF THE 2ND |
|
Detroit Red Wings batting - Pitching for Windy City ThunderBolts : RHP Dusty Haberstroh
|
|
Batting: RHB Harry Tugnut
|
0-0: SINGLE (Groundball, 6M, EV 100.6 MPH)
|
|
Batting: RHB Alex Duarte
|
0-0: Grounds out, U3 (Groundball, 3L, EV 86.9 MPH)
|
|
Batting: LHB Simon Barry
|
0-0: SINGLE (Groundball, 4M, EV 106.9 MPH) (infield hit) Harry Tugnut to third
|
|
Batting: RHB Cody Kafer
|
0-0: Ball 1-0: Fly out, F8 (Flyball, 8LXD, EV 94.4 MPH) Runner from 3rd tags up, SCORES, no throw by CF
|
|
Batting: SHB Roderick Speed
|
0-0: Ball 1-0: DOUBLE (Line Drive, 78D, EV 112.5 MPH) Simon Barry to third Runner from 3rd tries for Home, SAFE, no throw by LF
|
|
Batting: SHB Franklin Garza
|
0-0: Called Strike 0-1: Foul Ball, location: 2F 0-2: Strikes out swinging
|
| Top of the 2nd over - 2 runs, 3 hits, 0 errors, 1 left on base; Detroit 2 - Windy City 4 |
| BOTTOM OF THE 2ND |
|
Windy City ThunderBolts batting - Pitching for Detroit Red Wings : RHP Adan Van Slyke
|
|
Batting: RHB Klaus Brown
|
0-0: Ball 1-0: Ball 2-0: Ball 3-0: Called Strike 3-1: Swinging Strike 3-2: Strikes out swinging
|
|
Batting: RHB Sim Damit
|
0-0: Called Strike 0-1: Ball 1-1: Ball 2-1: Foul Ball, location: 2F 2-2: Strikes out swinging
|
|
Batting: RHB Joe Thomas
|
0-0: Called Strike 0-1: Called Strike 0-2: Strikes out swinging
|
| Bottom of the 2nd over - 0 runs, 0 hits, 0 errors, 0 left on base; Detroit 2 - Windy City 4 |
| TOP OF THE 3RD |
|
Detroit Red Wings batting - Pitching for Windy City ThunderBolts : RHP Dusty Haberstroh
|
|
Batting: RHB António Scarlett
|
0-0: Ball 1-0: Called Strike 1-1: Ball 2-1: Foul Ball, location: 2F 2-2: Ball 3-2: SINGLE (Line Drive, 7LS, EV 110.0 MPH)
|
|
Batting: LHB Duda Pinho
|
0-0: Fly out, F9 (Flyball, 9LS, EV 83.1 MPH)
|
|
Batting: RHB Jorge Lebron
|
0-0: Ball 1-0: Ball 2-0: 2-RUN HOME RUN (Flyball, 7D, EV 95.0 MPH), Distance : 382 ft
|
|
Batting: RHB Harry Tugnut
|
0-0: Ball 1-0: Called Strike 1-1: Ground out 5-3 (Groundball, 5, EV 99.4 MPH)
|
|
Batting: RHB Alex Duarte
|
0-0: Ball 1-0: Ball 2-0: Ball 3-0: Called Strike 3-1: Fly out, F8 (Line Drive, 8RD, EV 105.0 MPH)
|
| Top of the 3rd over - 2 runs, 2 hits, 0 errors, 0 left on base; Detroit 4 - Windy City 4 |
| BOTTOM OF THE 3RD |
|
Windy City ThunderBolts batting - Pitching for Detroit Red Wings : RHP Adan Van Slyke
|
|
Batting: RHB Kaoru Hamada
|
0-0: Fly out, F8 (Flyball, 8RM, EV 75.6 MPH)
|
|
Batting: SHB Danny Gallegos
|
0-0: Ball 1-0: Ball 2-0: Called Strike 2-1: SOLO HOME RUN (Flyball, 9D, EV 98.1 MPH), Distance : 385 ft
|
|
Batting: RHB Paul Holland
|
0-0: Ball 1-0: Ball 2-0: Fly out, F4 (Line Drive, 4M, EV 70.0 MPH)
|
|
Batting: RHB Nhat Phong
|
0-0: Foul Ball, location: 2F 0-1: Called Strike 0-2: Ball 1-2: Foul Ball, location: 2F 1-2: Ball 2-2: Ball 3-2: Base on Balls
|
|
Batting: RHB Miguel Pacheco
|
0-0: Foul Ball, location: 2F 0-1: Ball 1-1: SINGLE (Groundball, 4M, EV 105.0 MPH) (infield hit) Nhat Phong to second
|
|
Batting: RHB Dave Dominguez
|
0-0: Ball 1-0: Called Strike 1-1: Ball 2-1: Foul Ball, location: 2F 2-2: Foul Ball, location: 2F 2-2: Fielders Choice at 2nd, 6-4 (Groundball, 6, EV 80.6 MPH)
|
| Bottom of the 3rd over - 1 run, 2 hits, 0 errors, 2 left on base; Detroit 4 - Windy City 5 |
| TOP OF THE 4TH |
|
Detroit Red Wings batting - Pitching for Windy City ThunderBolts : RHP Dusty Haberstroh
|
|
Batting: LHB Simon Barry
|
0-0: Called Strike 0-1: Ball 1-1: Foul Ball, location: 2F 1-2: Ball 2-2: Ball 3-2: Foul Ball, location: 2F 3-2: Base on Balls
|
|
Batting: RHB Cody Kafer
|
0-0: Ball 1-0: Foul Ball, location: 2F 1-1: Called Strike 1-2: Ball 2-2: Foul Ball, location: 2F 2-2: Strikes out swinging
|
|
Batting: SHB Roderick Speed
|
0-0: Grounds into double play, 5-4-3 (Groundball, 56, EV 102.5 MPH)
|
| Top of the 4th over - 0 runs, 0 hits, 0 errors, 0 left on base; Detroit 4 - Windy City 5 |
| BOTTOM OF THE 4TH |
|
Windy City ThunderBolts batting - Pitching for Detroit Red Wings : RHP Adan Van Slyke
|
|
Batting: RHB Klaus Brown
|
0-0: Called Strike 0-1: Foul Ball, location: 2F 0-2: Strikes out swinging
|
|
Batting: RHB Sim Damit
|
0-0: Foul Ball, location: 2F 0-1: Swinging Strike 0-2: Ball 1-2: Strikes out swinging
|
|
Batting: RHB Joe Thomas
|
0-0: Ball 1-0: SINGLE (Line Drive, 6MD, EV 107.5 MPH)
|
|
Batting: RHB Kaoru Hamada
|
0-0: Ball 1-0: Swinging Strike 1-1: Ball 2-1: Fielders Choice at 2nd, 6-4 (Groundball, 6, EV 86.2 MPH)
|
| Bottom of the 4th over - 0 runs, 1 hit, 0 errors, 1 left on base; Detroit 4 - Windy City 5 |
| TOP OF THE 5TH |
|
Detroit Red Wings batting - Pitching for Windy City ThunderBolts : RHP Dusty Haberstroh
|
|
Batting: SHB Franklin Garza
|
0-0: Called Strike 0-1: Foul Ball, location: 2F 0-2: Strikes out swinging
|
|
Batting: RHB António Scarlett
|
0-0: Ball 1-0: Foul Ball, location: 2F 1-1: Called Strike 1-2: Foul Ball, location: 2F 1-2: Strikes out swinging
|
|
Batting: LHB Duda Pinho
|
0-0: Ball 1-0: Called Strike 1-1: Foul Ball, location: 2F 1-2: Ball 2-2: Foul Ball, location: 2F 2-2: Foul Ball, location: 2F 2-2: Ground out 4-3 (Groundball, 4, EV 90.6 MPH)
|
| Top of the 5th over - 0 runs, 0 hits, 0 errors, 0 left on base; Detroit 4 - Windy City 5 |
| BOTTOM OF THE 5TH |
|
Windy City ThunderBolts batting - Pitching for Detroit Red Wings : RHP Adan Van Slyke
|
|
Batting: SHB Danny Gallegos
|
0-0: Swinging Strike 0-1: Foul Ball, location: 2F 0-2: Strikes out looking
|
|
Batting: RHB Paul Holland
|
0-0: Ground out 6-3 (Groundball, 6, EV 104.4 MPH)
|
|
Batting: RHB Nhat Phong
|
0-0: Swinging Strike 0-1: Foul Ball, location: 2F 0-2: Foul Ball, location: 2F 0-2: Ball 1-2: Strikes out swinging
|
| Bottom of the 5th over - 0 runs, 0 hits, 0 errors, 0 left on base; Detroit 4 - Windy City 5 |
| TOP OF THE 6TH |
|
Detroit Red Wings batting - Pitching for Windy City ThunderBolts : RHP Dusty Haberstroh
|
|
Batting: RHB Jorge Lebron
|
0-0: Ball 1-0: Ball 2-0: Swinging Strike 2-1: SOLO HOME RUN (Flyball, 7D, EV 95.6 MPH), Distance : 385 ft
|
|
Batting: RHB Harry Tugnut
|
0-0: Ground out 6-3 (Groundball, 6, EV 106.9 MPH)
|
|
Batting: RHB Alex Duarte
|
0-0: Ball 1-0: Fly out, F7 (Line Drive, 7S, EV 111.9 MPH)
|
|
Batting: LHB Simon Barry
|
0-0: Swinging Strike 0-1: Swinging Strike 0-2: Strikes out looking
|
| Top of the 6th over - 1 run, 1 hit, 0 errors, 0 left on base; Detroit 5 - Windy City 5 |
| BOTTOM OF THE 6TH |
|
Windy City ThunderBolts batting - Pitching for Detroit Red Wings : RHP Adan Van Slyke
|
|
Batting: RHB Miguel Pacheco
|
0-0: Ball 1-0: Ball 2-0: Called Strike 2-1: Foul Ball, location: 2F 2-2: Reached on error, E6 (Groundball, 6, EV 100.6 MPH)
|
|
Batting: RHB Dave Dominguez
|
0-0: Foul Ball, location: 2F 0-1: SINGLE (Line Drive, 3D, EV 96.9 MPH) Miguel Pacheco to second Runner from 2nd tries for 3rd, OUT! 9-5
|
|
Batting: RHB Klaus Brown
|
0-0: Ball 1-0: Swinging Strike 1-1: Swinging Strike 1-2: Ball 2-2: Strikes out swinging
|
|
Batting: RHB Sim Damit
|
0-0: Called Strike 0-1: Ball Dave Dominguez steals 2nd base 1-1: Swinging Strike 1-2: Strikes out looking
|
| Bottom of the 6th over - 0 runs, 1 hit, 1 error, 1 left on base; Detroit 5 - Windy City 5 |
| TOP OF THE 7TH |
|
Detroit Red Wings batting - Pitching for Windy City ThunderBolts : RHP Dusty Haberstroh
|
|
Batting: RHB Cody Kafer
|
0-0: Ball 1-0: Ball 2-0: Called Strike 2-1: Fly out, F8 (Flyball, 8RD, EV 91.9 MPH)
|
|
Batting: SHB Roderick Speed
|
0-0: Swinging Strike 0-1: SINGLE (Line Drive, 4D, EV 102.5 MPH)
|
|
Batting: SHB Franklin Garza
|
0-0: SINGLE (Line Drive, 7S, EV 100.6 MPH) Roderick Speed to second
|
|
Pitching: LHP Tony Jaime
|
|
|
Batting: RHB António Scarlett
|
0-0: Foul Ball, location: 2F 0-1: Foul Ball, location: 2F 0-2: Strikes out swinging
|
|
Pinch Hitting: LHB Ryan Adams
|
0-0: Swinging Strike 0-1: Foul Ball, location: 2F 0-2: Ball 1-2: Foul Ball, location: 2F 1-2: Strikes out swinging
|
| Top of the 7th over - 0 runs, 2 hits, 0 errors, 2 left on base; Detroit 5 - Windy City 5 |
| BOTTOM OF THE 7TH |
|
Windy City ThunderBolts batting - Pitching for Detroit Red Wings : RHP Adan Van Slyke
|
|
Pitching: RHP Efrain Diaz
|
|
|
Now in RF: Dustin Bursell
|
|
|
Batting: RHB Joe Thomas
|
0-0: Ball 1-0: Ground out 4-3 (Groundball, 4S, EV 91.2 MPH)
|
|
Batting: RHB Kaoru Hamada
|
0-0: Foul Ball, location: 2F 0-1: Called Strike 0-2: Strikes out swinging
|
|
Pitching: RHP David Kalinsky
|
|
|
Batting: SHB Danny Gallegos
|
0-0: Fly out, F7 (Flyball, 7LSF, EV 82.5 MPH)
|
| Bottom of the 7th over - 0 runs, 0 hits, 0 errors, 0 left on base; Detroit 5 - Windy City 5 |
| TOP OF THE 8TH |
|
Detroit Red Wings batting - Pitching for Windy City ThunderBolts : LHP Tony Jaime
|
|
Batting: RHB Jorge Lebron
|
0-0: Called Strike 0-1: Ball 1-1: Fly out, F7 (Flyball, 7S, EV 87.5 MPH)
|
|
Batting: RHB Harry Tugnut
|
0-0: Foul Ball, location: 2F 0-1: Foul Ball, location: 2F 0-2: Strikes out swinging
|
|
Batting: RHB Alex Duarte
|
0-0: Ball 1-0: SINGLE (Groundball, 5D, EV 93.8 MPH)
|
|
Batting: LHB Simon Barry
|
0-0: Called Strike 0-1: Ball 1-1: Ball 2-1: Fielders Choice at 2nd, 6-4 (Groundball, 6, EV 88.8 MPH)
|
| Top of the 8th over - 0 runs, 1 hit, 0 errors, 1 left on base; Detroit 5 - Windy City 5 |
| BOTTOM OF THE 8TH |
|
Windy City ThunderBolts batting - Pitching for Detroit Red Wings : RHP David Kalinsky
|
|
Batting: RHB Eddie Dimas
|
0-0: Ball 1-0: Ground out 4-3 (Groundball, 4, EV 101.9 MPH)
|
|
Pinch Hitting: RHB Camillo Bonauiti
|
0-0: Called Strike 0-1: Called Strike 0-2: Ball 1-2: Foul Ball, location: 2F 1-2: Ball 2-2: Fly out, F9 (Flyball, 9S, EV 85.0 MPH)
|
|
Batting: RHB Miguel Pacheco
|
0-0: Foul Ball, location: 2F 0-1: Swinging Strike 0-2: Strikes out swinging
|
| Bottom of the 8th over - 0 runs, 0 hits, 0 errors, 0 left on base; Detroit 5 - Windy City 5 |
| TOP OF THE 9TH |
|
Detroit Red Wings batting - Pitching for Windy City ThunderBolts : LHP Tony Jaime
|
|
Now at 3B: Donovan Deason
|
|
|
Pinch Hitting: LHB Iestyn Peacock
|
0-0: Swinging Strike 0-1: Ball 1-1: Ground out U3 (Groundball, 3, EV 88.1 MPH)
|
|
Pinch Hitting: RHB John Barton
|
0-0: Fly out, F4 (Popup, 34S, EV 73.1 MPH)
|
|
Pinch Hitting: SHB Isaiah Bias
|
0-0: Ball 1-0: Foul Ball, location: 2F 1-1: Called Strike 1-2: SINGLE (Line Drive, 34D, EV 98.1 MPH)
|
|
Pitching: LHP William Garcia
|
|
|
Batting: RHB António Scarlett
|
0-0: Fly out, F9 (Line Drive, 9S, EV 107.5 MPH)
|
| Top of the 9th over - 0 runs, 1 hit, 0 errors, 1 left on base; Detroit 5 - Windy City 5 |
| BOTTOM OF THE 9TH |
|
Windy City ThunderBolts batting - Pitching for Detroit Red Wings : RHP David Kalinsky
|
|
Now at 1B: Felipe Torres
|
|
|
Now at 3B: Peter Jones
|
|
|
Now in LF: John Barton
|
|
|
Batting: RHB Dave Dominguez
|
0-0: Ball 1-0: Ball 2-0: Foul Ball, location: 2F 2-1: Ball 3-1: Foul Ball, location: 2F 3-2: Foul Ball, location: 2F 3-2: Fly out, F8 (Flyball, 89M, EV 86.9 MPH)
|
|
Batting: RHB Klaus Brown
|
0-0: Ball 1-0: Ball 2-0: Called Strike 2-1: Foul Ball, location: 2F 2-2: Foul Ball, location: 2F 2-2: Foul Ball, location: 2F 2-2: Ball 3-2: Foul Ball, location: 2F 3-2: Fly out, F9 (Flyball, 9, EV 91.2 MPH)
|
|
Pinch Hitting: RHB Ricky Avila
|
0-0: Foul Ball, location: 2F 0-1: Called Strike 0-2: Ball 1-2: Ball 2-2: Strikes out swinging
|
| Bottom of the 9th over - 0 runs, 0 hits, 0 errors, 0 left on base; Detroit 5 - Windy City 5 |
| TOP OF THE 10TH |
|
Detroit Red Wings batting - Pitching for Windy City ThunderBolts : LHP William Garcia
|
|
Now at 2B: Joe Thomas
|
|
|
Now at SS: Danny Gallegos
|
|
|
Now in LF: Ricky Avila
|
|
|
Batting: RHB Dustin Bursell
|
0-0: Foul Ball, location: 2F 0-1: Ball 1-1: Ball 2-1: Foul Ball, location: 2F 2-2: Ball 3-2: Base on Balls
|
|
Batting: RHB Jorge Lebron
|
0-0: Foul Ball, location: 2F 0-1: Called Strike 0-2: Ball 1-2: Ball 2-2: Foul Ball, location: 2F 2-2: Foul Ball, location: 2F 2-2: Ball 3-2: Base on Balls Dustin Bursell to second
|
|
Pitching: RHP Ben Robertson
|
|
|
Batting: RHB Harry Tugnut
|
0-0: Ball 1-0: Fielders Choice at 3rd, U5 (Groundball, 5L, EV 105.6 MPH) Jorge Lebron to second
|
|
Batting: RHB Alex Duarte
|
0-0: Foul Ball, location: 2F 0-1: Ball 1-1: Swinging Strike 1-2: Ball 2-2: Foul Ball, location: 2F 2-2: Ball 3-2: Base on Balls Jorge Lebron to third Harry Tugnut to second
|
|
Batting: LHB Simon Barry
|
0-0: Ball 1-0: Ball 2-0: Ball 3-0: Called Strike 3-1: Foul Ball, location: 2F 3-2: Foul Ball, location: 2F 3-2: Grounds into fielders choice 5-2 (Groundball, 56, EV 83.8 MPH) Harry Tugnut to third Alex Duarte to second
|
|
Pinch Hitting: LHB Jose Peralez
|
0-0: Called Strike 0-1: Fielders Choice at 2nd, 5-4 (Groundball, 5L, EV 105.6 MPH)
|
| Top of the 10th over - 0 runs, 0 hits, 0 errors, 3 left on base; Detroit 5 - Windy City 5 |
| BOTTOM OF THE 10TH |
|
Windy City ThunderBolts batting - Pitching for Detroit Red Wings : RHP David Kalinsky
|
|
Now at 1B: Rick Brinkmann
|
|
|
Batting: RHB Joe Thomas
|
0-0: Ball 1-0: Ball 2-0: Ball 3-0: Called Strike 3-1: DOUBLE (Groundball, 5L, EV 106.2 MPH)
|
|
Batting: RHB Kaoru Hamada
|
0-0: Ball 1-0: Ball 2-0: SINGLE (Groundball, 6MD, EV 95.0 MPH) Joe Thomas to third
|
|
Batting: SHB Danny Gallegos
|
0-0: SINGLE (Groundball, 3, EV 108.8 MPH) (infield hit) Joe Thomas scores
|
| Bottom of the 10th over - 1 run, 3 hits, 0 errors, 1 left on base; Detroit 5 - Windy City 6 |
|